 Dungeon Sprint DCSS version 0.30-a0-56-ge6a4009bfd (webtiles) character file.

Game seed: 890899016270809678

1199 mhtbhm the Earth Mage (level 8, -1/61 HPs)
             Began as a Gargoyle Earth Elementalist on Sept 10, 2022.
             Was a Believer of Vehumet.
             Slain by Snorg (9 damage)
             ... in the Dungeon (Sprint III: "The Ten Rune Challenge").
             The game lasted 00:02:55 (929 turns).

mhtbhm the Earth Mage (Gargoyle Earth Elementalist)  Turns: 929, Time: 00:02:55

Health: -1/61      AC:  8    Str: 13    XL:     8   Next: 44%
Magic:  20/21      EV: 13    Int: 23    God:    Vehumet [**....]
Gold:   44         SH:  0    Dex: 10    Spells: 16/26 levels left

rFire   . . .      SeeInvis .    e - +3 quarterstaff (chaos)
rCold   . . .      Faith    .    (shield currently unavailable)
rNeg    + . .      Spirit   .    a - +0 robe
rPois   ∞          Reflect  .    (no helmet)
rElec   +          Harm     .    i - +0 cloak
rCorr   .          Rampage  .    (no gloves)
Will    .....      NoTele   +    (no boots)
Stlth   ..........               (no amulet)
HPRegen 0.20/turn                h - +6 ring of intelligence
MPRegen 0.17/turn                (no ring)

@: berserking, very quick
A: sickness immunity, AC +5, negative energy resistance 1, electricity
resistance, torment resistance 1, petrification resistance
a: Renounce Religion


You were in the Dungeon.
You worshipped Vehumet.
Vehumet was pleased with you.
You visited 1 branch You collected 44 gold pieces.

Inventory:

Hand Weapons
 e - a +3 quarterstaff of chaos (weapon)
Armour
 a - a +0 robe (worn)
 i - a +0 cloak (worn)
Jewellery
 h - a +6 ring of intelligence (left hand)
Wands
 o - a wand of charming (12)
Scrolls
 g - a scroll of blinking
 j - 2 scrolls of poison {unknown}
 k - 2 scrolls of identify {unknown}
Potions
 b - 2 potions of magic
 c - a potion of curing
 d - 2 potions of heal wounds
 l - a potion of degeneration {unknown}
 m - 4 potions of flight
 n - 4 potions of mutation
Miscellaneous
 p - a piece from Xom's chessboard (14/15)


   Skills:
 + Level 4.4 Dodging
 + Level 5.6 Stealth
 + Level 9.7 Spellcasting
 + Level 1.2 Conjurations
 + Level 2.0 Transmutations
 + Level 15.7 Earth Magic


You had 16 spell levels left.
You knew the following spells:

 Your Spells              Type           Power      Damage    Failure   Level
a - Sandblast             Erth           100%       2d20      0%          1
b - Passwall              Tmut/Erth      42%        N/A       1%          2
c - Stone Arrow           Conj/Erth      100%       3d13      1%          3
d - Petrify               Tmut/Erth      51%        N/A       1%          4

Your spell library contained the following spells:

 Spells                   Type           Power      Damage    Failure   Level
 Shock                    Conj/Air       56%        1d6       4%          1
 Slow                     Hex            44%        N/A       6%          1
 Confusing Touch          Hex            11%        N/A       17%         3
 Vampiric Draining        Necr           11%        2d6       17%         3


Dungeon Overview and Level Annotations

Branches:
Dungeon (1/1)

Altars:
Cheibriados
Dithmenos
Elyvilon
Fedhas
Gozag
Hepliaklqana
Kikubaaqudgha
Makhleb
Nemelex Xobeh
Okawaru
Qazlal
Ru
Sif Muna
Trog
Uskayaw
Vehumet
Wu Jian
Xom
Yredelemnul
Zin
The Shining One
Jiyva
Lugonu

Annotations:
D Snorg


Innate Abilities, Weirdness & Mutations

You are immune to sickness and miasma.
Your stone body is resilient. (AC +5)
You are immune to poison.
You resist negative energy. (rN+)
You are resistant to electric shocks. (rElec)
You are resistant to unholy torment.
You are immune to petrification.


Message History

The stone arrow hits Snorg!!
Snorg is moderately wounded.
You make a move on Xom's chessboard...
Snorg resists with almost no effort.
Casting: Stone Arrow (safe; 1% risk of failure)
Confirm with . or Enter, or press ? or * to list all spells.
Aiming: Stone Arrow (safe; 1% risk of failure)
Press: ? - help, Shift-Dir - straight line, f/p - Snorg
Aim: Snorg (moderately wounded, petrified, 100% to hit)
The stone arrow hits Snorg!!
Snorg is moderately wounded.
Unknown command.
Casting: Stone Arrow (safe; 1% risk of failure)
Confirm with . or Enter, or press ? or * to list all spells.
You don't have enough magic to cast this spell.
Unknown command.
Magic courses through your body.
Snorg is no longer petrified.
Casting: Stone Arrow (safe; 1% risk of failure)
Confirm with . or Enter, or press ? or * to list all spells.
Aiming: Stone Arrow (safe; 1% risk of failure)
Press: ? - help, Shift-Dir - straight line, f/p - Snorg
Aim: Snorg (moderately wounded, 78% to hit)
The stone arrow hits Snorg!
Snorg is heavily wounded.
Unknown command.
A red film seems to cover your vision as you go berserk!
You feel yourself moving faster!
You feel mighty! Snorg bites you. Snorg barely misses you. Snorg claws you.
You barely miss Snorg.
Snorg is heavily wounded.
Snorg bites you! Snorg claws you. x2
You closely miss Snorg.
Snorg is heavily wounded.
Snorg completely misses you. Snorg claws you. x2
You hit Snorg.
Snorg flickers and vanishes!
Deactivating autopickup; reactivate with Ctrl-A.
You barely miss something. Something bites you but does no damage.
Something claws you but does no damage. Something claws you!
* * * LOW HITPOINT WARNING * * *
You closely miss something. Something bites you!
You die...

▓▓▓ ##.############
####..#___#___#__#
#..#..#...#__)#._#
#..#..###)#'###)##
##'#..#..........#
###...'.⌠.......@#
###...#...######{#
##....#.⌠.#__#...#+#####
#.....#...#__#...#..~~~+
......#'###__#...#.#§§~#
#.....#.))#__#...'.#T§.#
##....#___#__'...#.#§..#
▓▓▓▓▓▓▓▓▓▓▓▓▓▓▓▓▓▓▓ ▓▓▓


There were no monsters in sight!

Vanquished Creatures
  A deep elf pyromancer (D)
  A shadow (D)
  A spatial vortex (D)
  A necrophage (D)
  A water elemental (D)
  A jelly (D)
  Crazy Yiuf (D)
  Jessica (D)
  A wizard (D)
  A necromancer (D)
  2 humans (D)
  A kobold demonologist (D)
  2 endoplasms (D)
  A rat (D)
16 creatures vanquished.

Vanquished Creatures (others)
  A human (D)
1 creature vanquished.

Grand Total: 17 creatures vanquished

Notes
Turn   | Place    | Note
-------+----------+-------------------------------------------
     0 | D        | mhtbhm the Gargoyle Earth Elementalist began the quest for
                  | the Orb.
     0 | D        | Reached XP level 1. HP: 10/10 MP: 3/3
     8 | D        | Reached skill level 4 in Earth Magic
    44 | D        | Noticed Jessica
    47 | D        | Killed Jessica
    48 | D        | Reached skill level 6 in Earth Magic
    48 | D        | Reached XP level 2. HP: 15/15 MP: 3/6
    48 | D        | Reached XP level 3. HP: 19/19 MP: 3/7
   108 | D        | Learned a level 2 spell: Passwall
   112 | D        | Learned a level 3 spell: Stone Arrow
   116 | D        | Noticed Crazy Yiuf
   123 | D        | Killed Crazy Yiuf
   124 | D        | Reached skill level 1 in Transmutations
   124 | D        | Reached skill level 7 in Earth Magic
   124 | D        | Reached XP level 4. HP: 24/24 MP: 3/9
   126 | D        | Reached skill level 8 in Earth Magic
   136 | D        | Noticed a water elemental
   150 | D        | Killed a water elemental
   151 | D        | Reached skill level 9 in Earth Magic
   151 | D        | Reached XP level 5. HP: 28/28 MP: 0/12
   278 | D        | Learned a level 4 spell: Petrify
   278 | D        | Found a radiant altar of Vehumet.
   278 | D        | Found a shimmering blue altar of Sif Muna.
   278 | D        | Found an ancient bone altar of Kikubaaqudgha.
   280 | D        | Reached skill level 5 in Spellcasting
   280 | D        | Reached skill level 10 in Earth Magic
   281 | D        | Noticed a hellwing
   291 | D        | Became a worshipper of Vehumet
   339 | D        | Found a glowing silver altar of Zin.
   339 | D        | Found a glowing golden altar of the Shining One.
   339 | D        | Found a white marble altar of Elyvilon.
   339 | D        | Noticed a deep elf pyromancer
   344 | D        | Killed a deep elf pyromancer
   345 | D        | Reached skill level 5 in Stealth
   345 | D        | Reached skill level 14 in Earth Magic
   345 | D        | Reached XP level 6. HP: 24/32 MP: 7/17
   345 | D        | Reached XP level 7. HP: 27/36 MP: 7/18
   412 | D        | Found a basalt altar of Yredelemnul.
   412 | D        | Found a shadowy altar of Dithmenos.
   412 | D        | Found a sacrificial altar of Ru.
   415 | D        | Reached * piety under Vehumet
   415 | D        | Offered knowledge of Freeze by Vehumet.
   436 | D        | Found a hide-covered altar of Uskayaw.
   436 | D        | Found an iron altar of Okawaru.
   436 | D        | Found a bloodstained altar of Trog.
   436 | D        | Found an ornate altar of the Wu Jian Council.
   436 | D        | Noticed a human
   436 | D        | Noticed a human
   448 | D        | Killed a human
   449 | D        | Reached skill level 15 in Earth Magic
   449 | D        | Reached XP level 8. HP: 17/41 MP: 6/21
   636 | D        | Noticed a shadow
   641 | D        | Killed a shadow
   642 | D        | Reached skill level 1 in Conjurations
   642 | D        | Reached ** piety under Vehumet
   642 | D        | Offered knowledge of Shock by Vehumet.
   863 | D        | Found a blossoming altar of Fedhas.
   863 | D        | Found a stormy altar of Qazlal.
   863 | D        | Found a snail-covered altar of Cheibriados.
   863 | D        | Found a burning altar of Makhleb.
   863 | D        | Found a shimmering altar of Xom.
   867 | D        | Found a hazy altar of Hepliaklqana.
   867 | D        | Found an opulent altar of Gozag.
   867 | D        | Found a sparkling altar of Nemelex Xobeh.
   867 | D        | Found a corrupted altar of Lugonu.
   867 | D        | Found a viscous altar of Jiyva.
   891 | D        | Noticed Snorg
   929 | D        | Slain by Snorg

Illustrated notes

Levels and vault maps discovered:
D:        dungeon_sprint_mu [sprint_mu_entry_cave, sprint_mu_temple_rooms,
          sprint_mu_d1_horrors, sprint_mu_d2_genie, sprint_mu_d3_branching,
          sprint_mu_orc_legion, sprint_mu_elf_gauntlet, sprint_mu_hive_nellie,
          sprint_mu_lair_fedhas, sprint_mu_vaults_butterflies,
          sprint_mu_slime_circle, sprint_mu_shoals_kraken,
          sprint_mu_snake_twists, sprint_mu_blade_basic, sprint_mu_crypt_lich,
          sprint_mu_tomb_spiral, sprint_mu_vestibule_basic,
          sprint_mu_gehenna_hellfire, sprint_mu_dis_giant,
          sprint_mu_tartarus_statrot, sprint_mu_cocytus_islands, sprint_mu_zot1]

Skill      XL: |  1  2  3  4  5  6  7  8 |
---------------+-------------------------+-----
Earth Magic    | 6 7 9 14 15 | 15.7
Dodging        | 2 3 4 |  4.4
Stealth        | 3 5 |  5.6
Spellcasting   | 3 4 8 9 |  9.7
Transmutations | 1 2 |  2.0
Conjurations   | 1 |  1.2

Action                   |  1- 3 |  4- 6 |  7- 9 || total
-------------------------+-------+-------+-------++-------
Melee: Quarterstaff      |       |       |     5 ||     5
 Cast: Sandblast         |     5 |    11 |    15 ||    31
       Stone Arrow       |     1 |     2 |     9 ||    12
       Petrify           |       |       |     3 ||     3
Evoke: Wand              |       |       |     1 ||     1
       Piece from Xom's  |       |       |     1 ||     1
  Use: Potion            |     1 |       |     2 ||     3
Armor: Robe              |       |     3 |     3 ||     6
Dodge: Dodged            |       |     3 |     9 ||    12

Table legend: (Time is in decaauts)
 A = Elapsed time spent in this place.
 B = Non-inter-level travel time spent in this place.
 C = Inter-level travel time spent in this place.
 D = Time resting spent in this place.
 E = Time spent auto-exploring this place.
 F = Levels seen in this place.
 G = Mean time per level.
                   A        B        C        D        E       F      G
               +--------+--------+--------+--------+--------+-----+--------+
         Total |    929 |    929 |      0 |    560 |     75 |   1 |  929.0 |
       Dungeon |    929 |    929 |      0 |    560 |     75 |   1 |  929.0 |
               +--------+--------+--------+--------+--------+-----+--------+

Top non-repeatable levels by time:
       D: 929 daAuts
